 Dungeon Crawl Stone Soup version 0.27.0-1-g7a089689b8 (webtiles) character file.

Game seed: 9614570689377177294

24781 ZombieSheep the Demonic Cataclysm (level 12, -1/98 HPs)
             Began as a Demonspawn Monk on Aug 1, 2021.
             Was a High Priest of Qazlal.
             Succumbed to Rupert's poison
             ... on level 3 of the Lair of Beasts.
             The game lasted 00:36:23 (16384 turns).

ZombieSheep the Demonic Cataclysm (DsMo)           Turns: 16384, Time: 00:36:24

Health: -1/98      AC: 14    Str: 16    XL:     12   Next: 83%
Magic:  5/20       EV: 21    Int: 16    God:    Qazlal [*****.]
Gold:   752        SH:  6    Dex: 19    Spells: 11/11 levels left

rFire    + . .     SeeInvis .   a - +3 trident (vorpal)
rCold    + . .     Faith    .   (no shield)
rNeg     . . .     Spirit   +   D - +0 acid dragon scales
rPois    .         Reflect  .   (helmet restricted)
rElec    .         Harm     .   f - scarf {rC+ rF+}
rCorr    +         Rampage  .   d - +0 pair of gloves
Will     .....                  v - +0 pair of boots
Stlth    ++........             q - amulet of guardian spirit
HPRegen  0.26/turn              r - +4 ring of evasion
MPRegen  0.17/turn              Q - ring of Waugim {Fly Int+3}

@: lethally poisoned (-1 -> -13), about to teleport, protected from physical
damage, flying, hasted, repel missiles, very quick
A: horns 2, thin skeletal structure 2, ignite blood 1
a: Renounce Religion, Upheaval, Elemental Force, Disaster Area


You were on level 3 of the Lair of Beasts.
You worshipped Qazlal.
Qazlal was extremely pleased with you.
You visited 4 branches of the dungeon, and saw 16 of its levels.

You collected 864 gold pieces.
You spent 112 gold pieces at shops.

Inventory:

Hand Weapons
 a - a +3 vorpal trident (weapon)
 u - a +3 mace of freezing
Armour
 b - a +0 chain mail
 d - a +0 pair of gloves (worn)
 f - a scarf of resistance (worn)
 h - a +3 ring mail of fire resistance
 i - +0 steam dragon scales
 p - a +0 cloak
 v - a +0 pair of boots (worn)
 D - +0 acid dragon scales (worn)
Jewellery
 q - an amulet of guardian spirit (around neck)
 r - a +4 ring of evasion (left hand)
 F - a ring of see invisible
 J - a ring of resist corrosion
 M - a +6 ring of dexterity
 O - a ring of protection from fire
 Q - the ring of Waugim (right hand) {Fly Int+3}
   (You acquired it on level 1 of the Lair of Beasts)

   [ring of flight]

   Int:       It affects your intelligence (+3).
   Fly:       It grants you flight.
 S - a ring of poison resistance
Wands
 e - a wand of charming (10)
 m - a wand of flame (19)
 n - a wand of iceblast (25)
 y - a wand of acid (21)
Scrolls
 g - 3 scrolls of enchant armour
 s - 2 scrolls of identify
 t - 6 scrolls of teleportation
 G - 3 scrolls of amnesia
 I - a scroll of brand weapon
 K - a scroll of enchant weapon
 L - a scroll of fear
 P - 4 scrolls of magic mapping
Potions
 c - 4 potions of brilliance {unknown}
 j - 2 potions of magic {unknown}
 k - 2 potions of ambrosia {unknown}
 l - 5 potions of haste
 o - 2 potions of mutation {unknown}
 x - a potion of lignification {unknown}
 z - 2 potions of invisibility {unknown}
 A - a potion of cancellation {unknown}
 B - a potion of resistance {unknown}
 C - a potion of berserk rage {unknown}
 E - 2 potions of flight {unknown}
 H - a potion of heal wounds
 R - a potion of might {unknown}


   Skills:
 + Level 10.4 Fighting
 + Level 9.6 Polearms
 + Level 9.1 Armour
 + Level 9.7 Dodging
 - Level 1.7 Stealth
 + Level 11.9 Invocations


You had 11 spell levels left.
You didn't know any spells.
Your spell library contained the following spells:

 Spells                   Type           Power      Damage    Failure   Level
 Animate Skeleton         Necr           0%         N/A       32%         1
 Apportation              Tloc           0%         N/A       32%         1
 Beastly Appendage        Tmut           0%         N/A       32%         1
 Corona                   Hex            0%         N/A       32%         1
 Summon Small Mammal      Summ           0%         N/A       32%         1
 Ensorcelled Hibernation  Hex/Ice        0%         N/A       43%         2
 Wereblood                Tmut           0%         N/A       43%         2
 Call Canine Familiar     Summ           0%         N/A       67%         3
 Conjure Flame            Conj/Fire      0%         6-21      67%         3
 Ignite Poison            Fire/Tmut/Pois 0%         N/A       67%         3
 Portal Projectile        Hex/Tloc       0%         N/A       67%         3
 Spider Form              Tmut/Pois      0%         N/A       67%         3
 Leda's Liquefaction      Hex/Erth       0%         N/A       97%         4
 Sticky Flame             Conj/Fire      0%         2d3       97%         4
 Summon Forest            Summ/Tloc      0%         N/A       100%        5
 Summon Mana Viper        Hex/Summ       0%         N/A       100%        5
 Shadow Creatures         Summ           N/A        N/A       100%        6


Dungeon Overview and Level Annotations

Branches:
Dungeon (10/15)            Temple (1/1) D:4            Lair (4/6) D:10
  Snake (1/4) Lair:2          Orc (0/2) D:9
  Swamp: Lair:2-4    Shoals: Lair:2-4

Altars:
Ashenzari
Dithmenos
Gozag
Hepliaklqana
Kikubaaqudgha
Nemelex Xobeh
Okawaru
Qazlal
Ru
Sif Muna
Trog
Uskayaw
Vehumet
Wu Jian
Xom
Zin
The Shining One

Shops:
D:6 *[(![

Annotations:
D:5 exclusion: statue
D:10 2 runed translucent doors
Lair:3 Rupert


Innate Abilities, Weirdness & Mutations

You have a pair of horns on your head.
You have a moderately thin skeletal structure. (Dex +4, Stealth++)
Your demonic aura sometimes causes spilled blood to erupt in flames.


Message History

You feel yourself speed up.
You barely miss Rupert.
Rupert is heavily wounded.
Rupert hits you with a +1 battleaxe of venom!!
You feel protected from physical attacks.
You are poisoned.
You are too injured to fight recklessly!
Unknown command.
You barely miss Rupert. You headbutt Rupert, but do no damage.
Rupert is heavily wounded.
You feel sick.
Rupert is engulfed in blazing flames.
Rupert closely misses you.
You puncture Rupert!
Rupert is severely wounded.
Rupert is engulfed in blazing flames.
Rupert hits you with a +1 battleaxe of venom!
* * * LOW HITPOINT WARNING * * *
You are more poisoned.
Unknown command.
You feel sick.
Rupert is engulfed in blazing flames.
Rupert hits you with a +1 battleaxe of venom!
* * * LOW HITPOINT WARNING * * *
You are more poisoned.
You fly upwards.
* * * LOW HITPOINT WARNING * * *
You feel very sick.
Found 19 gold pieces.
Found a stone staircase leading up.
There is a stone staircase leading down here.
As you read the scroll of teleportation, it crumbles to dust.
You feel strangely unstable.
* * * LOW HITPOINT WARNING * * *
You feel very sick. Rupert misses you.
* * * LOW HITPOINT WARNING * * *
You feel very sick.
There is a stone staircase leading up here.
Unknown command.
* * * LOW HITPOINT WARNING * * *
You feel sick.
Found a war axe.
You die...

###...#......#.#
#..............##.
.................#
#..........○......
.).............#
#........>...#
#......@§..##
#$..☼..○####
#....@.##
#....#.## #### ###


You could see Rupert (berserk).

Vanquished Creatures
  A hydra (Lair:1)
  A two-headed ogre (D:9)
  2 ugly things
  A cyclops (D:10)
  A black mamba (Lair:4)
  6 elephants (Lair:4)
  A torpor snail (Lair:2)
  7 cane toads
  A rime drake (Lair:4)
  6 komodo dragons
  A troll (D:9)
  3 polar bears
  15 blink frogs
  4 dream sheep (Lair:2)
  A wraith (D:10)
  3 wyverns
  4 spriggans (Lair:2)
  22 yaks
  2 basilisks
  2 steam dragons (D:7)
  5 nagas
  An acid dragon (D:9)
  11 water moccasins
  4 orc warriors
  A sky beast (D:7)
  2 necrophages
  4 black bears
  4 ogres
  4 centaurs
  8 bullfrogs
  A scorpion (D:4)
  2 gnoll sergeants (D:8)
  A wyvern zombie (D:6)
  A wyvern skeleton (D:7)
  3 howler monkeys (D:7)
  7 wights (D:7)
  An electric eel (D:9)
  2 bullfrog zombies (D:6)
  3 centaur zombies
  Crazy Yiuf (D:4)
  2 bullfrog skeletons
  4 hounds
  3 orc priests
  A centaur skeleton (D:7)
  3 jellies
  A gnoll shaman (D:7)
  Ijyb (D:4)
  7 iguanas
  5 orc wizards
  A killer bee zombie (D:6)
  A hound skeleton (D:5)
  2 howler monkey zombies
  11 gnolls
  3 howler monkey skeletons
  12 adders
  2 white imps (D:6)
  An ufetubus (D:5)
  3 worms
  2 dart slugs (D:3)
  18 orcs
  3 ball pythons
  6 bats
  8 endoplasms
  5 giant cockroaches
  8 goblins
  9 hobgoblins
  17 jackals
  4 quokkas
  6 frilled lizards
  11 kobolds
  6 rats
316 creatures vanquished.

Vanquished Creatures (others)
  An orc wizard (D:8)
  A gnoll (D:7)
  11 fungi
  27 plants
40 creatures vanquished.

Grand Total: 356 creatures vanquished

Notes
Turn   | Place    | Note
-------+----------+-------------------------------------------
     0 | D:1      | ZombieSheep the Demonspawn Monk began the quest for the
                  | Orb.
     0 | D:1      | Reached XP level 1. HP: 18/18 MP: 1/1
   147 | D:1      | Found a faded altar of an unknown god.
   202 | D:1      | Gained mutation: Your demonic aura sometimes causes spilled
                  | blood to erupt in flames. [demonic ancestry]
   202 | D:1      | Reached XP level 2. HP: 22/24 MP: 2/2
   742 | D:1      | Reached skill level 1 in Armour
   742 | D:1      | Gained mutation: You have a pair of small horns on your
                  | head. [demonic ancestry]
   742 | D:1      | Reached XP level 3. HP: 29/29 MP: 3/3
  1646 | D:2      | Gained mutation: You have a somewhat thin skeletal
                  | structure. (Dex +2, Stealth+) [demonic ancestry]
  1646 | D:2      | Reached XP level 4. HP: 35/35 MP: 4/4
  2434 | D:3      | Reached XP level 5. HP: 33/42 MP: 5/5
  2989 | D:4      | Reached XP level 6. HP: 48/48 MP: 6/6
  2996 | D:4      | Found a staircase to the Ecumenical Temple.
  3227 | Temple   | Entered the Ecumenical Temple
  3260 | Temple   | Became a worshipper of Qazlal Stormbringer
  3260 | Temple   | Reached * piety under Qazlal
  3260 | Temple   | Reached ** piety under Qazlal
  3439 | D:4      | Reached skill level 1 in Invocations
  3662 | D:4      | Noticed Ijyb
  3674 | D:4      | Killed Ijyb
  3733 | D:4      | Reached XP level 7. HP: 55/55 MP: 8/8
  3762 | D:4      | Found an iron altar of Okawaru.
  3781 | D:4      | Found an ancient bone altar of Kikubaaqudgha.
  3975 | D:4      | Found a runed translucent door.
  3976 | D:4      | Noticed Crazy Yiuf
  4311 | D:4      | Killed Crazy Yiuf
  4363 | D:5      | Entered Level 5 of the Dungeon
  4368 | D:5      | Reached skill level 2 in Invocations
  4474 | D:5      | Reached skill level 5 in Fighting
  4570 | D:5      | Found a bloodstained altar of Trog.
  4782 | D:5      | Reached skill level 3 in Invocations
  5389 | D:5      | Found a radiant altar of Vehumet.
  5780 | D:6      | Noticed a komodo dragon
  5789 | D:5      | Killed a komodo dragon
  5790 | D:5      | Reached skill level 5 in Polearms
  5790 | D:5      | Reached skill level 5 in Dodging
  5790 | D:5      | Reached skill level 4 in Invocations
  5790 | D:5      | Reached XP level 8. HP: 26/63 MP: 9/11
  6295 | D:6      | Found Doclut's Antique Armour Boutique.
  6559 | D:6      | Found Gydwos's Armour Boutique.
  6599 | D:6      | Found Ellek's Antique Weapon Shop.
  6654 | D:6      | Found Halo's Distillery.
  6662 | D:6      | Bought a potion of heal wounds for 70 gold pieces
  6662 | D:6      | Bought a potion of curing for 42 gold pieces
  6804 | D:6      | Found Uwev's Assorted Antiques.
  6812 | D:6      | Reached skill level 5 in Invocations
  6917 | D:7      | Reached *** piety under Qazlal
  6945 | D:7      | Reached XP level 9. HP: 21/69 MP: 6/13
  7440 | D:7      | Reached skill level 5 in Armour
  7451 | D:7      | HP: 1/71 [wyvern (5)]
  7458 | D:7      | Reached skill level 6 in Invocations
  8586 | D:7      | Found a shadowy altar of Dithmenos.
  9342 | D:7      | Reached skill level 7 in Invocations
 10252 | D:8      | Gained mutation: You have a pair of horns on your head.
                  | [demonic ancestry]
 10252 | D:8      | Reached XP level 10. HP: 58/79 MP: 13/15
 10477 | D:8      | Found a shimmering altar of Xom.
 10526 | D:8      | Found a sparkling altar of Nemelex Xobeh.
 10578 | D:9      | Found a staircase to the Orcish Mines.
 10631 | D:9      | Found an ornate altar of the Wu Jian Council.
 10848 | D:9      | Noticed a two-headed ogre
 10863 | D:9      | Killed a two-headed ogre
 11277 | D:9      | Reached skill level 8 in Invocations
 11403 | D:10     | Entered Level 10 of the Dungeon
 11403 | D:10     | Noticed a white ugly thing
 11412 | D:9      | Killed a white ugly thing
 11534 | D:10     | Reached **** piety under Qazlal
 11550 | D:10     | Noticed a white ugly thing
 11557 | D:10     | Killed a white ugly thing
 11706 | D:10     | Found a broken altar of Ashenzari.
 11830 | D:10     | Found a large runed translucent door.
 11875 | D:10     | Found a large runed translucent door.
 12025 | D:10     | Noticed a cyclops
 12040 | D:10     | Killed a cyclops
 12041 | D:10     | Reached skill level 9 in Invocations
 12159 | D:10     | Found a staircase to the Lair.
 12272 | D:10     | Gained mutation: You have a moderately thin skeletal
                  | structure. (Dex +4, Stealth++) [demonic ancestry]
 12272 | D:10     | Reached XP level 11. HP: 78/87 MP: 14/17
 12309 | D:10     | Found a hide-covered altar of Uskayaw.
 12437 | Lair:1   | Entered Level 1 of the Lair of Beasts
 12881 | Lair:1   | Noticed a six-headed hydra
 12912 | Lair:1   | Killed a six-headed hydra
 13571 | Lair:1   | Reached skill level 10 in Invocations
 13982 | Lair:1   | Identified a scroll of acquirement
 13982 | Lair:1   | Acquired the ring of Waugim {Fly Int+3}
 14678 | Lair:2   | Found a staircase to the Snake Pit.
 14698 | Snake:1  | Entered Level 1 of the Snake Pit
 14698 | Snake:1  | Noticed a naga sharpshooter
 14983 | Lair:2   | Reached XP level 12. HP: 73/96 MP: 15/20
 15280 | Lair:2   | Reached ***** piety under Qazlal
 15332 | Lair:2   | Reached skill level 11 in Invocations
 15874 | Lair:2   | You are sucked into a shaft and drop 2 floors!
 15935 | Lair:4   | Reached skill level 10 in Fighting
 16346 | Lair:4   | Noticed Rupert
 16348 | Lair:4   | Paralysed by Rupert for 7 turns
 16369 | Lair:4   | Noticed an eight-headed hydra
 16382 | Lair:3   | HP: 3/98 [poisoned by Rupert]
 16383 | Lair:3   | HP: 1/98 [poisoned by Rupert]
 16384 | Lair:3   | Succumbed to Rupert's poison

Illustrated notes

Levels and vault maps discovered:
D:1:      lightli_arrival_isolated_outpost, layout_basic,
          shapermc_ecumenical_altar_pompeii
D:2:      layout_loops_ring, kennysheep_generic_room_2
D:3:      layout_basic, minmay_vboxes
D:4:      layout_basic, kennysheep_mini_moat,
          nicolae_kikubaaqudgha_miasma_corner, temple_fountains,
          minmay_lizard_king, uniq_crazy_yiuf_cottage, uniq_ijyb
D:5:      layout_rooms, vehumet_statue, lemuel_doored_altar
D:6:      layout_loops_ring, serial_shops, shop_fountains, shop,
          nicolae_shop_stone, shop, nicolae_lakefront_shop,
          minmay_misc_feat_more_columns
D:7:      layout_basic, lemuel_tele_altar, mainiacjoe_overflow_brackets,
          st_stairs_4
D:8:      layout_gridville, nemelex_spade_bored_becter,
          mainiacjoe_overflow_alcove_2
D:9:      layout_long_grid, nzn_wu_jian_council_hall, orc_0_dummy,
          kennysheep_cluttered_room
D:10:     layout_loops_ring, jmf_multi_god_temple2, amcnicky_altar_gilded,
          eat_drink_and_be_merry_uskayaw, david_lair_shrubbed
Temple:   compressed_dpeg_triangle_lava_temple
Lair:1:   layout_regular_city, grunt_megastairs_2
Lair:2:   kb_forest_paths, layout_regular_city,
          minmay_snake_entry_guardpost_medium
Lair:3:   layout_cave_pods, swamp_mist, basic_altar, cheibrodos_lair_lostbears,
          infiniplex_staircase_pool_2, grunt_megastairs_3
Lair:4:   layout_loops_ring, uniq_rupert
Snake:1:  layout_grid_shapes, serial_shops, shop, nicolae_snake_single_loop

Skill      XL: |  1  2  3  4  5  6  7  8  9 10 11 12 |
---------------+-------------------------------------+-----
Dodging        | 3 4 5 6 7 8 9 |  9.7
Polearms       | 3 4 5 6 7 8 9 |  9.6
Armour         | 1 2 3 4 5 7 8 9 |  9.1
Fighting       | 4 5 6 7 8 9 10 | 10.4
Invocations    | 1 4 5 7 9 10 11 | 11.9
Stealth        | |  1.7

Action                   |  1- 3 |  4- 6 |  7- 9 | 10-12 || total
-------------------------+-------+-------+-------+-------++-------
Melee: Spear             |   175 |    49 |       |       ||   224
       Headbutt          |    11 |    33 |    70 |   138 ||   252
       Trident           |       |   156 |   494 |   613 ||  1263
Throw: Throwing net      |       |       |       |     5 ||     5
Invok: Upheaval          |       |       |     1 |       ||     1
       Disaster Area     |       |       |       |     1 ||     1
Evoke: Wand              |       |       |     6 |       ||     6
  Use: Scroll            |     3 |     1 |     5 |    10 ||    19
       Potion            |       |     2 |     4 |     3 ||     9
 Stab: Sleeping          |     3 |    12 |       |       ||    15
Armor: Robe              |     3 |       |       |       ||     3
       Scale mail        |    51 |       |       |       ||    51
       Ring mail         |    14 |    68 |   149 |    18 ||   249
       Acid dragon scale |       |       |       |    73 ||    73
Dodge: Dodged            |    77 |    98 |   321 |   475 ||   971
       Repelled          |       |       |       |     3 ||     3
Block: Other             |       |     3 |    66 |   120 ||   189
